 Dungeon Crawl Stone Soup version 0.30-a0-802-gb92711bcdf (webtiles) character file.

Game seed: 11485461222881045024

267 Dittersdorf the Trooper (level 6, -1/39 HPs)
             Began as a Gargoyle Fighter on Feb 23, 2023.
             Slain by a gnoll
             ... wielding a +0 spear
              (4 damage)
             ... on level 3 of the Dungeon.
             The game lasted 00:01:58 (1701 turns).

Dittersdorf the Trooper (Gargoyle Fighter)          Turns: 1701, Time: 00:01:59

Health: -1/39      AC: 14    Str: 21    XL:     6   Next: 21%
Magic:  6/6        EV:  9    Int: 15    God:
Gold:   86         SH:  4    Dex:  9    Spells: 5/5 levels left

rFire   . . .      SeeInvis .    a - +0 flail
rCold   . . .      Faith    .    c - +0 buckler
rNeg    + . .      Spirit   .    b - +0 scale mail
rPois   ∞          Reflect  .    (no helmet)
rElec   +          Harm     .    (no cloak)
rCorr   .          Rampage  .    j - +2 pair of gloves
Will    .....                    (no boots) Stlth
                                 (no amulet)
HPRegen 0.26/turn                e - +6 ring of intelligence
MPRegen 0.10/turn                (no ring)

@: no status effects
A: sickness immunity, AC +4, negative energy resistance 1, electricity
resistance, torment resistance 1, petrification resistance
a: no special abilities


You were on level 3 of the Dungeon.
You visited 1 branch of the dungeon, and saw 3 of its levels.

You collected 161 gold pieces.
You spent 75 gold pieces at shops.

Inventory:

Hand Weapons
 a - a +0 flail (weapon)
Missiles
 k - 13 poisoned darts (quivered)
Armour
 b - a +0 scale mail (worn)
 c - a +0 buckler (worn)
 j - a +2 pair of gloves (worn)
Jewellery
 e - a +6 ring of intelligence (left hand)
Scrolls
 g - 3 scrolls of identify {unknown}
 l - 2 scrolls of teleportation {unknown}
 n - a scroll of poison {unknown}
 o - a scroll of noise {unknown}
 p - a scroll of vulnerability {unknown}
 q - a scroll of enchant weapon
 r - a scroll of immolation {unknown}
Potions
 d - a potion of might
 f - 2 potions of lignification {unknown}
 h - 2 potions of magic {unknown}
 i - 3 potions of curing {unknown}
 m - a potion of degeneration {unknown}


   Skills:
 + Level 4.6 Fighting
 + Level 3.5 Maces & Flails
 + Level 4.6 Armour
 + Level 4.6 Shields


You had 5 spell levels left.
You didn't know any spells.
Your spell library contained the following spells:

 Spells                   Type           Power      Damage    Failure   Level
 Apportation              Tloc           0%         N/A       67%         1
 Dazzling Flash           Conj/Hex       0%         N/A       95%         3
 Cause Fear               Hex            0%         N/A       100%        4
 Agony                    Necr           0%         N/A       100%        5
 Alistair's Intoxication  Tmut/Pois      0%         N/A       100%        5
 Silence                  Hex/Air        0%         N/A       100%        5
 Dragon Form              Tmut           0%         N/A       100%        7
 Dragon's Call            Summ           0%         N/A       100%        9


Dungeon Overview and Level Annotations

Branches:
Dungeon (3/15)

Altars:

Shops:
D:2 ?


Innate Abilities, Weirdness & Mutations

You are immune to sickness and miasma.
Your stone body is resilient. (AC +4)
You are immune to poison.
You resist negative energy. (rN+)
You are resistant to electric shocks. (rElec)
You are resistant to unholy torment.
You are immune to petrification.


Message History

You are too injured to fight recklessly!
You are too injured to fight recklessly!
You are too injured to fight recklessly!
You are too injured to fight recklessly!
You are too injured to fight recklessly!
You are too injured to fight recklessly!
You are too injured to fight recklessly!
You are too injured to fight recklessly!
You are too injured to fight recklessly!
You are too injured to fight recklessly!
You miss the frilled lizard. The gnoll barely misses you. x2
The gnoll hits you with a +0 flail.
The frilled lizard bites you but does no damage. x2
The gnoll closely misses you. You block the gnoll's attack. x2
You closely miss the frilled lizard. You block the gnoll's attack.
The gnoll closely misses you.
The frilled lizard bites you but does no damage.
The gnoll hits you but does no damage.
You closely miss the frilled lizard. The gnoll closely misses you.
The gnoll hits you but does no damage.
The frilled lizard bites you but does no damage.
The gnoll hits you with a +0 flail.
You hit the frilled lizard.
You kill the frilled lizard!
You block the gnoll's attack. The gnoll hits you but does no damage.
The gnoll hits you from afar with a +0 spear.
* * * LOW HITPOINT WARNING * * *
The gnoll hits you from afar with a +0 spear.
* * * LOW HITPOINT WARNING * * *
Things that are here:
a +0 club; a +2 robe; the human corpse of Jessica You hit the gnoll.
The gnoll is heavily wounded.
The gnoll hits you but does no damage. You block the gnoll's attack.
You sock the gnoll!
You kill the gnoll!
The gnoll hits you from afar with a +0 spear.
* * * LOW HITPOINT WARNING * * *
The gnoll hits you from afar with a +0 spear.
You die...

.................##.........#.##.
..............................###
...#.###........#.##.............
...#.# #..#..........†...........
...# # #..#.########.............
#.##. #...#.###..... #.## #.....#
#...#. .#....#####$..#.###.....
.......@)gg)..........#.
......######............ .###.
.^...##.##.. .. ......#. #. ..
......#. # .. ........ . .......
.......


You could see 2 gnolls.

Vanquished Creatures
  Sigmund (D:3)
  Jessica (D:3)
  2 gnolls (D:3)
  2 adders
  3 worms
  A dart slug (D:2)
  An orc (D:3)
  4 ball pythons
  2 endoplasms
  2 giant cockroaches
  3 goblins
  3 hobgoblins
  3 quokkas
  6 bats
  2 frilled lizards
  6 kobolds
  4 rats
46 creatures vanquished.

Notes
Turn   | Place    | Note
-------+----------+-------------------------------------------
     0 | D:1      | Dittersdorf the Gargoyle Fighter began the quest for the
                  | Orb.
     0 | D:1      | Reached XP level 1. HP: 14/14 MP: 1/1
   155 | D:1      | Reached XP level 2. HP: 16/19 MP: 2/2
   733 | D:2      | Reached XP level 3. HP: 20/23 MP: 3/3
   985 | D:2      | Found Atos's Magic Scroll Emporium.
  1114 | D:2      | Bought a scroll of enchant weapon for 75 gold pieces
  1369 | D:3      | Reached XP level 4. HP: 25/29 MP: 4/4
  1435 | D:3      | Noticed Sigmund
  1485 | D:3      | Killed Sigmund
  1486 | D:3      | Reached XP level 5. HP: 10/34 MP: 5/5
  1486 | D:3      | Reached XP level 6. HP: 12/39 MP: 6/6
  1674 | D:3      | Noticed Jessica
  1682 | D:3      | Killed Jessica
  1701 | D:3      | Slain by a gnoll

Illustrated notes

Levels and vault maps discovered:
D:1:      amcnicky_arrival_underground_garden, layout_rooms,
          hangedman_abyss_or_decor_lesser_grid, minmay_close_crescents
D:2:      layout_loops_ring, serial_shops, nicolae_shop_waterfront
D:3:      layout_rooms, kiku_gazebo_pond_becter, uniq_jessica, uniq_sigmund

Skill      XL: |  1  2  3  4 |
---------------+-------------+-----
Fighting       | 4 |  4.6
Maces & Flails | 3 |  3.5
Armour         | 4 |  4.6
Shields        | 4 |  4.6

Action                     |  1- 3 |  4- 6 || total
---------------------------+-------+-------++-------
  Melee: Flail             |   120 |    64 ||   184
 Armour: Scale mail        |    79 |    42 ||   121
  Dodge: Dodged            |    53 |    18 ||    71
  Block: Buckler           |    19 |    14 ||    33

Table legend: (Time is in decaauts)
 A = Elapsed time spent in this place.
 B = Non-inter-level travel time spent in this place.
 C = Inter-level travel time spent in this place.
 D = Time resting spent in this place.
 E = Time spent auto-exploring this place.
 F = Levels seen in this place.
 G = Mean time per level.
                   A        B        C        D        E       F      G
               +--------+--------+--------+--------+--------+-----+--------+
         Total |   1756 |   1696 |     60 |    174 |   1113 |   3 |  585.3 |
       Dungeon |   1756 |   1696 |     60 |    174 |   1113 |   3 |  585.3 |
               +--------+--------+--------+--------+--------+-----+--------+

Top non-repeatable levels by time:
     D:2: 770 daAuts
     D:1: 612 daAuts
     D:3: 374 daAuts
